 Dungeon Crawl Stone Soup version 0.19-a0-1490-g5dd3618 (webtiles) character file.

15910 Amnesiac the Transmogrifier (level 12, -6/102 HPs)
             Began as an Octopode Transmuter on Sept 8, 2016.
             Was an Initiate of Gozag.
             Mangled by a griffon (10 damage)
             ... on level 3 of the Lair of Beasts.
             The game lasted 00:26:35 (13493 turns).

Amnesiac the Transmogrifier (Octopode Transmuter)  Turns: 13493, Time: 00:26:35

Health: -6/102     AC:  6    Str:  8 (9)  XL:     12   Next: 32%
Magic:  13/21      EV: 19    Int: 16      God:    Gozag
Gold:   975        SH:  0    Dex: 16 (17) Spells: 5 memorised, 8 levels left

rFire  x . .     SeeInvis .       - Unarmed
rCold  + + +     Gourm    +     (shield currently unavailable)
rNeg   . . .     Faith    .     (helmet currently unavailable)
rPois  +         Spirit   .     I - amulet of the gourmand
rElec  .         Dismiss  .     p - ring of Shadows {Umbra +Inv Stlth+}
rCorr  .         Reflect  .     K - ring of protection from magic
MR     +....     Harm     .     D - +3 ring of evasion
Stlth  ++++......               l - ring of flight
                                (no ring)
                                (no ring)
                                (no ring)
                                (no ring)

@: confusing touch (expiring), ice-form, very slightly contaminated, wreathed by
umbra
A: almost no armour, stealthy swim, amphibious, 8 rings, (constrict 8),
(tentacle spike 0), (slimy green scales 0), (camouflage 0), (gelatinous body 0),
subdued magic 1
a: End Transformation, Potion Petition, Call Merchant, Bribe Branch, Renounce
Religion, Evoke Invisibility, Evoke Flight


You were on level 3 of the Lair of Beasts.
You worshipped Gozag.
Gozag was pleased with you.
You were not hungry.
You were a creature of crystalline ice.
You visited 3 branches of the dungeon, and saw 13 of its levels.

You collected 2401 gold pieces.
You paid 1426 gold pieces to Gozag.

Inventory:

Missiles
 a - 215 arrows
Armour
 k - a +2 hat (melded)
Jewellery
 l - a ring of flight (on tentacle)
 p - the ring of Shadows (left front paw) {Umbra +Inv Stlth+}
   (You found it on level 4 of the Dungeon)

   [ring of stealth]

   It lets you turn invisible.
   It makes you more stealthy.
 D - a +3 ring of evasion (on tentacle)
 I - an amulet of the gourmand (around neck)
 K - a ring of protection from magic (right front paw)
 P - an uncursed ring of ice
Wands
 e - a wand of digging (12/24)
 j - a wand of lightning (6/15)
 t - a wand of paralysis (20/24)
 B - a wand of random effects (14/48)
 E - a wand of disintegration (15/24)
 F - a wand of confusion (25/48)
 U - a wand of acid (3/15)
Scrolls
 f - 3 scrolls of amnesia
 i - a scroll of immolation
 m - 2 scrolls of enchant weapon {unknown}
 o - 4 scrolls of recharging
 q - a scroll of identify
 y - 5 scrolls of remove curse
 C - a scroll of vulnerability {unknown}
 G - 4 scrolls of fog {unknown}
 J - a scroll of fear {unknown}
 N - a scroll of magic mapping {unknown}
 R - a scroll of summoning {unknown}
 T - 4 scrolls of teleportation {unknown}
 V - a scroll of acquirement {unknown}
Potions
 d - 2 potions of brilliance
 g - 3 potions of heal wounds
 h - a potion of agility
 n - a potion of ambrosia
 s - a potion of resistance
 u - a potion of mutation
 v - 5 potions of curing
 w - 2 potions of haste
 x - 2 potions of berserk rage
 z - 6 potions of flight
 A - a potion of invisibility
 H - a potion of cancellation
 L - 2 potions of lignification
 O - 2 potions of might
Books
 b - a book of Changes

   Spells                             Type                      Level
   a - Beastly Appendage              Transmutation                1
   b - Sticks to Snakes               Transmutation                2
   c - Spider Form                    Transmutation/Poison         3
   d - Ice Form                       Ice/Transmutation            4
   e - Blade Hands                    Transmutation                5
 r - a book of Misfortune

   Spells                             Type                      Level
   a - Confusing Touch                Hexes                        1
   b - Confuse                        Hexes                        3
   c - Gell's Gravitas                Hexes/Translocation          3
   d - Petrify                        Transmutation/Earth          4
   e - Metabolic Englaciation         Hexes/Ice                    5
   f - Yara's Violent Unravelling     Hexes/Transmutation          5
 S - a book of the Warp

   Spells                             Type                      Level
   a - Gell's Gravitas                Hexes/Translocation          3
   b - Force Lance                    Conjuration/Translocation    4
   c - Summon Forest                  Summoning/Translocation      5
   d - Dispersal                      Translocation                6
   e - Controlled Blink               Translocation                8
   f - Disjunction                    Translocation                8
Comestibles
 c - 6 bread rations
 Q - 9 fruits


   Skills:
 + Level 9.2 Fighting
 + Level 9.2 Dodging
 + Level 9.2 Unarmed Combat
 - Level 6.0 Spellcasting
 - Level 11.0 Transmutations


You had 8 spell levels left.
You knew the following spells:

 Your Spells              Type           Power        Failure   Level  Hunger
a - Blade Hands           Tmut           ####......   3%          5    ######.
b - Ice Form              Ice/Tmut       ###.....     12%         4    ####...
d - Sticks to Snakes      Tmut           ####....     1%          2    #......
e - Spider Form           Tmut/Pois      ###.......   3%          3    ##.....
z - Confusing Touch       Hex            #.....       12%         1    None


Dungeon Overview and Level Annotations

Branches:
Dungeon (9/15)             Temple (1/1) D:6            Lair (3/6) D:9
  Snake (0/4) Lair:3          Orc (0/2) D:9
  Swamp: Lair:2-4    Shoals: Lair:2-4

Altars:
Ashenzari
Cheibriados
Dithmenos
Elyvilon
Fedhas
Gozag
Hepliaklqana
Kikubaaqudgha
Makhleb
Nemelex Xobeh
Okawaru
Qazlal
Ru
Sif Muna
Trog
Uskayaw
Vehumet
Xom
Yredelemnul
Zin
The Shining One

Shops:
D:9 }   Lair:2 }


Innate Abilities, Weirdness & Mutations

You cannot wear most types of armour.
You are very stealthy in the water.
You are amphibious.
You can wear up to eight rings at the same time.
((You can use your tentacles to constrict eight enemies at once.))
((Your skin changes colour to match your surroundings (Stealth+).))
((Your rubbery body absorbs attacks. (AC +1, EV +1)))
((One of your tentacles bears a spike.))
((You are partially covered in slimy green scales. (AC +2)))
Your spells are a little easier to cast, but a little less powerful.


Message History

You miscast Confusing Touch.
You are very lightly contaminated with residual magic.
Your skin tingles.
The griffon completely misses you. The griffon misses you.
The griffon completely misses you.
Unknown command.
Casting: Confusing Touch
Confirm with . or Enter, or press ? or * to list all spells.
Your front paws begin to glow red.
The griffon bites you!
* * * LOW HITPOINT WARNING * * *
The griffon pecks you.
* * * LOW HITPOINT WARNING * * *
The griffon closely misses you.
You hit the griffon but do no damage.
The griffon is lightly wounded.
The griffon bites you!
* * * LOW HITPOINT WARNING * * *
The griffon pecks you but does no damage.
The griffon claws you!
You die...
Your body crumbles into a pile of gold.

##..# ...# ..#....
P..# ....... ##..###
....... ##. .....#
### ..P.... #...
####....#..P. ..#....
.....###P#..........
........
......(..$..........
........
............Y.......
...#+##.
.............H.......
........
..#P.P##.#...........
........
..............###.#.P
##.##P..
.#.............# ##.#
# ##..
..........P...P# #.##
##.. ...............#
#.P #...
..........#....# #.#
#...
...............####.#
##..


You could see a griffon.

Vanquished Creatures
  5 death yaks (Lair:2)
  An ugly thing (D:6)
  5 spiny frogs
  2 rime drakes
  5 komodo dragons
  Grinder (D:5)
  4 blink frogs (Lair:2)
  A wyvern (Lair:2)
  4 hippogriffs
  4 hogs (D:7)
  2 basilisks (Lair:2)
  A human (D:7)
  Eustachio (D:4)
  Menkaure (D:5)
  2 nagas (Lair:3)
  5 swamp worms (Lair:1)
  2 orc warriors (D:9)
  6 porcupines
  2 sky beasts (D:6)
  5 water moccasins
  An ogre (D:6)
  5 phantoms
  2 necrophages
  4 centaurs
  3 crocodiles
  Blork the orc (D:6)
  6 giant frogs
  5 scorpions
  5 wights
  3 killer bees (D:8)
  An electric eel (Lair:2)
  A howler monkey (D:8)
  6 crimson imps
  A jelly (D:8)
  4 hounds
  7 orc wizards
  A centaur skeleton (D:7)
  5 human zombies (D:8)
  2 orc priests (D:9)
  2 human skeletons (D:8)
  2 giant frog skeletons
  8 iguanas
  5 worker ants
  2 hound zombies
  2 hound skeletons
  2 mummies (D:8)
  2 worker ant zombies
  A howler monkey skeleton (D:6)
  7 adders
  30 river rats
  2 shadow imps
  3 oozes
  2 adder skeletons
  16 worms
  4 dart slugs
  A giant gecko (D:8)
  21 orcs
  6 giant cockroaches
  13 goblins
  11 hobgoblins
  21 jackals
  5 quokkas
  A ball python (D:2)
  2 bats
  4 giant newts
  A jackal skeleton (D:5)
  3 kobolds
  A quokka skeleton (D:8)
  6 rats
308 creatures vanquished.

Vanquished Creatures (others)
  3 plants (Lair:1)
3 creatures vanquished.

Grand Total: 311 creatures vanquished

Notes
Turn   | Place    | Note
-------+----------+-------------------------------------------
     0 | D:1      | Amnesiac the Octopode Transmuter began the quest for the Orb.
     0 | D:1      | Reached XP level 1. HP: 13/13 MP: 3/3
   206 | D:1      | Reached XP level 2. HP: 16/18 MP: 3/5
   221 | D:1      | Learned a level 2 spell: Sticks to Snakes
   233 | D:1      | Reached skill level 3 in Transmutations
   711 | D:1      | Reached XP level 3. HP: 21/23 MP: 6/6
   718 | D:1      | Learned a level 3 spell: Spider Form
  1002 | D:3      | Found a shadowy altar of Dithmenos.
  1187 | D:4      | Noticed Eustachio
  1197 | D:4      | Reached XP level 4. HP: 21/29 MP: 3/7
  1345 | D:4      | Killed Eustachio
  1345 | D:4      | Reached XP level 5. HP: 24/36 MP: 1/8
  1409 | D:4      | Found an iron altar of Okawaru.
  1688 | D:4      | Found a sparkling altar of Nemelex Xobeh.
  1944 | D:5      | Entered Level 5 of the Dungeon
  2014 | D:5      | Noticed Grinder
  2031 | D:5      | Reached skill level 4 in Transmutations
  2031 | D:5      | Reached XP level 6. HP: 41/41 MP: 6/9
  2128 | D:5      | Reached skill level 5 in Unarmed Combat
  2161 | D:5      | Noticed Menkaure
  2201 | D:5      | Killed Menkaure
  2201 | D:5      | Reached XP level 7. HP: 46/46 MP: 4/10
  2254 | D:5      | Found a shadowy altar of Dithmenos.
  2263 | D:5      | Found a sacrificial altar of Ru.
  2384 | D:5      | Killed Grinder
  2960 | D:6      | Reached XP level 8. HP: 54/54 MP: 7/11
  3058 | D:6      | Found a white marble altar of Elyvilon.
  3059 | D:6      | Found a glowing golden altar of the Shining One.
  3060 | D:6      | Found a glowing silver altar of Zin.
  3235 | D:6      | Found a bloodstained altar of Trog.
  3244 | D:6      | Noticed Blork the orc
  3479 | D:6      | Noticed a green ugly thing
  3529 | D:6      | Killed Blork the orc
  3536 | D:6      | Reached skill level 5 in Fighting
  3562 | D:6      | Found a staircase to the Ecumenical Temple.
  3648 | Temple   | Entered the Ecumenical Temple
  3709 | Temple   | Became a worshipper of Gozag Ym Sagoz the Greedy
  3834 | D:2      | Found a hide-covered altar of Uskayaw.
  4746 | D:3      | Found a blossoming altar of Fedhas.
  5116 | D:3      | Reached skill level 5 in Dodging
  5536 | D:6      | Reached XP level 9. HP: 20/61 MP: 8/12
  5781 | D:6      | Killed a white ugly thing
  5955 | D:7      | Found a shattered altar of Ashenzari.
  6732 | D:7      | Reached XP level 10. HP: 65/72 MP: 5/13
  6763 | D:7      | Reached skill level 5 in Transmutations
  7412 | D:8      | Reached skill level 6 in Transmutations
  7616 | D:8      | Found a basalt altar of Yredelemnul.
  7843 | D:8      | Found a shimmering altar of Xom.
  8308 | D:9      | Found a staircase to the Orcish Mines.
  8428 | D:9      | Reached skill level 7 in Transmutations
  8482 | D:9      | Found a staircase to the Lair.
  8488 | D:9      | Found an ancient bone altar of Kikubaaqudgha.
  8797 | Lair:1   | Entered Level 1 of the Lair of Beasts
  8989 | Lair:1   | Learned a level 4 spell: Ice Form
  8995 | Lair:1   | Learned a level 5 spell: Blade Hands
  9148 | Lair:1   | Reached skill level 8 in Transmutations
  9210 | Lair:1   | Reached skill level 5 in Spellcasting
  9321 | Lair:1   | Noticed a spiny frog
  9336 | Lair:1   | Killed a spiny frog
  9336 | Lair:1   | Reached XP level 11. HP: 77/77 MP: 13/18
  9643 | Lair:1   | Reached skill level 9 in Transmutations
 10544 | Lair:2   | Reached skill level 10 in Transmutations
 11428 | Lair:2   | Reached skill level 11 in Transmutations
 11493 | Lair:2   | Noticed a death yak
 11497 | Lair:2   | Noticed a death yak
 11498 | Lair:2   | Noticed a death yak
 11499 | Lair:2   | Noticed a death yak
 11501 | Lair:2   | Noticed a death yak
 11515 | Lair:2   | Killed a death yak
 11522 | Lair:2   | Killed a death yak
 11534 | Lair:2   | Killed a death yak
 11729 | Lair:1   | Gained mutation: Your spells are a little easier to cast, but a little less powerful. [potion of mutation]
 11729 | Lair:1   | Gained mutation: One of your tentacles bears a spike. [potion of mutation]
 11729 | Lair:1   | Gained mutation: You are partially covered in slimy green scales. (AC +2) [potion of mutation]
 11777 | Lair:2   | Reached XP level 12. HP: 84/84 MP: 17/21
 11971 | Lair:2   | Killed a death yak
 12669 | Lair:2   | Killed a death yak
 13310 | Lair:3   | Found a staircase to the Snake Pit.
 13456 | Lair:3   | Learned a level 1 spell: Confusing Touch
 13493 | Lair:3   | HP: 4/102 [griffon (13)]
 13493 | Lair:3   | Mangled by a griffon

Vault maps used:
D:1:      sevenhm_arrival_forest_fort_small_3
D:2:      eat_drink_and_be_merry_uskayaw
D:3:      nicolae_dithmenos_through_a_glass_darkly, fedhas_altar_1
D:4:      okawaru_metal_pillars_1_2, nemelex_altar_shiori, uniq_eustachio
D:5:      overflow_temple_1_default, basic_altar, first_bread,
          kennysheep_generic_room_10, uniq_menkaure, uniq_grinder
D:6:      wad_crossroads, good_gods_temple_1, trog_three_pillars_becter,
          uniq_blork_the_orc
D:7:      evilmike_ruin_ashenzari, grunt_livestock
D:8:      xom_teletrap_fun, lemuel_mausoleum_altar_yredelemnul
D:9:      nicolae_overflow_hidden_temple, lair_0_dummy, david_orc_3
Temple:   dpeg_three_leaves_temple
Lair:1:   worms_lemuel
Lair:2:   statuecave_lemuel, minmay_hedge_maze, beast_lair_carwin_10,
          grunt_megastairs_1
Lair:3:   minmay_shoals_entry_centaurs, guppyfry_snake_entry_garden

Skill      XL: |  1  2  3  4  5  6  7  8  9 10 11 12 |
---------------+-------------------------------------+-----
Transmutations | 3 4 8 11 | 11.0
Fighting       | 2 3 4 5 8 9 |  9.2
Unarmed Combat | 4 5 6 8 9 |  9.2
Dodging        | 3 5 8 9 |  9.2
Spellcasting   | 5 6 |  6.0

Action                   |  1- 3 |  4- 6 |  7- 9 | 10-12 || total
-------------------------+-------+-------+-------+-------++-------
Melee: Unarmed           |    63 |    70 |   349 |   708 ||  1190
       Constrict         |    15 |     7 |    45 |    40 ||   107
       Kick              |     3 |       |       |       ||     3
       Tentacles         |    10 |     5 |    48 |    36 ||    99
       Punch             |       |     2 |     9 |    10 ||    21
 Cast: Beastly Appendage |    11 |       |       |       ||    11
       Spider Form       |     3 |     6 |    21 |    28 ||    58
       Sticks to Snakes  |       |     3 |     1 |     1 ||     5
       Ice Form          |       |       |       |    25 ||    25
       Confusing Touch   |       |       |       |     3 ||     3
Invok: Call Merchant     |       |       |       |     2 ||     2
 Abil: End Transformatio |       |       |       |     1 ||     1
Evoke: Wand              |       |       |     1 |     3 ||     4
  Use: Scroll            |       |       |    10 |     8 ||    18
       Potion            |       |       |     1 |     7 ||     8
 Stab: Sleeping          |     8 |     2 |    22 |    20 ||    52
       Distracted        |       |       |     3 |     4 ||     7
       Invisible         |       |       |     1 |       ||     1
  Eat: Chunk             |     1 |     5 |     6 |       ||    12
       Meat ration       |       |       |     1 |     1 ||     2
       Royal jelly       |       |       |     1 |       ||     1
       Fruit             |       |       |     1 |       ||     1
       Beef jerky        |       |       |     2 |     2 ||     4
       Bread ration      |       |       |     1 |     2 ||     3
       Pizza             |       |       |       |     7 ||     7
Armor: Skin              |     1 |     7 |    15 |    28 ||    51
Dodge: Dodged            |    26 |    59 |   263 |   541 ||   889
